 Dungeon Crawl Stone Soup version 0.27.1-2-g3b301248ec (webtiles) character file.

Game seed: 9612593369557838965

72 VictoriousLee the Caller (level 4, 0/24 HPs)
             Began as a Tengu Summoner on Sept 26, 2021.
             Succumbed to Crazy Yiuf's poison
             ... on level 3 of the Dungeon.
             The game lasted 00:10:46 (3538 turns).

VictoriousLee the Caller (Tengu Summoner)           Turns: 3538, Time: 00:10:47

Health: 0/24       AC:  2    Str:  8    XL:     4   Next: 25%
Magic:  1/8        EV: 16    Int: 16    God:
Gold:   61         SH:  0    Dex: 15    Spells: 4/7 levels left

rFire    + . .     SeeInvis .   k - staff of fire
rCold    . . .     Faith    .   (no shield)
rNeg     . . .     Spirit   .   a - +0 robe
rPois    .         Reflect  .   (helmet restricted)
rElec    .         Harm     .   f - scarf {repulsion}
rCorr    .         Rampage  .   (no gloves)
Will     .....                  (boots unavailable)
Stlth    ++........             (no amulet)
HPRegen  0.08/turn              p - +4 ring of evasion
MPRegen  0.11/turn              (no ring)

@: lethally poisoned (0 -> -23), slowed, repel missiles, very slow
A: beak, talons 3
a: no special abilities


You were on level 3 of the Dungeon.
You visited 1 branch of the dungeon, and saw 3 of its levels.

You collected 61 gold pieces.

Inventory:

Hand Weapons
 b - a +0 club
 o - a +0 whip
 q - a +0 spear
Missiles
 c - 101 stones
 e - 23 arrows
 s - 5 poisoned darts
 t - 3 boomerangs
Armour
 a - a +0 robe (worn)
 f - a scarf of repulsion (worn)
 i - a +0 leather armour
Magical Staves
 k - a staff of fire (weapon)
Jewellery
 p - a +4 ring of evasion (left hand)
Scrolls
 g - a scroll of noise {unknown}
 h - a scroll of magic mapping {unknown}
 j - a scroll of teleportation {unknown}
 l - a scroll of identify {unknown}
 n - a scroll of enchant armour {unknown}
Potions
 d - a potion of mutation {unknown}
 m - a potion of berserk rage {unknown}
 r - a potion of lignification {unknown}


   Skills:
 - Level 2.1 Dodging
 - Level 2.0 Stealth
 - Level 2.0 Spellcasting
 + Level 6.5 Summonings
 * Level 1.9 Air Magic


You had 4 spell levels left.
You knew the following spells:

 Your Spells              Type           Power      Damage    Failure   Level
a - Call Imp              Summ           22%        N/A       2%          2
b - Summon Small Mammal   Summ           88%        N/A       1%          1

Your spell library contained the following spells:

 Spells                   Type           Power      Damage    Failure   Level
 Call Canine Familiar     Summ           22%        N/A       4%          3
 Summon Guardian Golem    Hex/Summ       12%        N/A       16%         3
 Swiftness                Air            7%         N/A       28%         3
 Passwall                 Tmut/Erth      0%         N/A       30%         2
 Summon Lightning Spire   Summ/Air       15%        N/A       36%         4
 Invisibility             Hex            0%         N/A       100%        6


Dungeon Overview and Level Annotations

Branches:
Dungeon (3/15)

Altars:
Uskayaw

Shops:
D:3 :

Annotations:
D:3 Crazy Yiuf


Innate Abilities, Weirdness & Mutations

You have a beak for a mouth.
You have claws for feet.


Message History

Press: ? - help, Dir - move target, f - Crazy Yiuf
Aim: Crazy Yiuf, wielding a +4 quarterstaff of chaos and wearing a +0 cloak (ally target) Attack!
Crazy Yiuf barely misses your white imp.
Your white imp hits Crazy Yiuf but does no damage.
Your shadow imp barely misses Crazy Yiuf.
Crazy Yiuf hits your white imp with a +4 quarterstaff of chaos!
Your white imp dies!
Your shadow imp hits Crazy Yiuf.
Casting: Call Imp (safe; 2% risk of failure)
Press: ? - help, Q - select action, (/) - cycle Dir - look around, f - activate A beastly little devil appears in a puff of frigid air.
Your shadow imp barely misses Crazy Yiuf.
Your shadow imp barely misses Crazy Yiuf.
You hit Crazy Yiuf but do no damage. You peck Crazy Yiuf, but do no damage.
Crazy Yiuf is lightly wounded.
Crazy Yiuf completely misses you.
Your shadow imp hits Crazy Yiuf.
You hit Crazy Yiuf but do no damage.
Crazy Yiuf is moderately wounded.
Crazy Yiuf says, "Walk ladder poople!"
Crazy Yiuf closely misses you.
Your shadow imp closely misses Crazy Yiuf.
Your white imp hits Crazy Yiuf but does no damage.
You barely miss Crazy Yiuf. You claw Crazy Yiuf.
Crazy Yiuf is heavily wounded.
Crazy Yiuf says, "Two ena shoe!"
Crazy Yiuf hits you with a +4 quarterstaff of chaos.
You feel yourself slow down.
Your shadow imp hits Crazy Yiuf.
Your white imp hits Crazy Yiuf but does no damage.
You closely miss Crazy Yiuf.
Crazy Yiuf is heavily wounded.
Crazy Yiuf hits you with a +4 quarterstaff of chaos!
You are lethally poisoned!
Your shadow imp barely misses Crazy Yiuf.
Your white imp completely misses Crazy Yiuf.
Crazy Yiuf barely misses you.
Your shadow imp hits Crazy Yiuf.
Your white imp barely misses Crazy Yiuf.
You hit Crazy Yiuf but do no damage. Your kick misses Crazy Yiuf.
Crazy Yiuf is severely wounded.
You die...

#.....# ###...#
############.#
#.........(..#
#............#
####............#
♣♣♣♣♣###..............##
###
♣♣♣)♣)...#.############.##
#).)#♣5)♣)...g@.# #.......
#...'g♣♣♣♣..55..# #.##....
#)))#♣♣ ♣♣....## #.##....
### ♣♣#### #.##....
#...†#.. #.#.##.# #.#.##.#
# ######....# .
..##.......


You could see Crazy Yiuf (ally target), a friendly white imp (summoned) and a
friendly shadow imp (summoned).

Vanquished Creatures
  2 dart slugs
  4 bats
  5 endoplasms
  A giant cockroach (D:2)
  3 goblins
  2 hobgoblins
  A kobold (D:2)
  2 rats
20 creatures vanquished.

Vanquished Creatures (collateral kills)
  Robin (D:2)
  2 adders
  2 worms (D:3)
  A dart slug (D:2)
  An orc (D:3)
  3 ball pythons
  3 endoplasms
  A giant cockroach (D:2)
  3 hobgoblins
  2 jackals (D:2)
  3 kobolds
  3 quokkas
  A bat (D:2)
  2 goblins (D:2)
  2 rats
30 creatures vanquished.

Grand Total: 50 creatures vanquished

Notes
Turn   | Place    | Note
-------+----------+-------------------------------------------
     0 | D:1      | VictoriousLee the Tengu Summoner began the quest for the
                  | Orb.
     0 | D:1      | Reached XP level 1. HP: 10/10 MP: 4/4
    31 | D:1      | Reached skill level 5 in Summonings
   603 | D:1      | Reached XP level 2. HP: 12/15 MP: 4/6
   606 | D:1      | Learned a level 2 spell: Call Imp
  1092 | D:1      | Found a faded altar of an unknown god.
  1686 | D:2      | Reached XP level 3. HP: 8/19 MP: 1/7
  1948 | D:2      | Reached skill level 6 in Summonings
  2000 | D:2      | Noticed Robin
  2200 | D:2      | Killed Robin
  2506 | D:2      | Found a hide-covered altar of Uskayaw.
  2788 | D:2      | Reached skill level 1 in Air Magic
  3236 | D:3      | Found Zimo's Book Boutique.
  3272 | D:3      | Reached XP level 4. HP: 21/24 MP: 8/8
  3513 | D:3      | Found a runed translucent door.
  3516 | D:3      | Noticed Crazy Yiuf
  3538 | D:3      | Succumbed to Crazy Yiuf's poison

Illustrated notes

Levels and vault maps discovered:
D:1:      ncdulo_smallfort, layout_basic, hellmonk_ecumenical_altar_run_dry,
          minmay_pentomino_o4
D:2:      layout_basic, basic_altar, uniq_robin
D:3:      layout_basic, mainiacjoe_overflow_small_starburst, serial_shops,
          shop_fountains, uniq_crazy_yiuf_cottage, uniq_jessica

Skill      XL: |  1  2  3 |
---------------+----------+-----
Summonings     | 5 6 |  6.5
Air Magic      | 1 |  1.9
Dodging        | |  2.1
Stealth        | |  2.0
Spellcasting   | |  2.0

Action                   |  1- 3 |  4- 6 || total
-------------------------+-------+-------++-------
Melee: Unarmed           |    10 |       ||    10
       Club              |    69 |       ||    69
       Kick              |    17 |     3 ||    20
       Peck              |    15 |     3 ||    18
       Staff             |     7 |    14 ||    21
Throw: Stone             |     1 |     1 ||     2
 Cast: Summon Small Mamm |    19 |       ||    19
       Call Imp          |    23 |    11 ||    34
 Stab: Sleeping          |     2 |     1 ||     3
       Distracted        |     1 |       ||     1
Armor: Robe              |    20 |       ||    20
Dodge: Dodged            |    62 |     9 ||    71
       Repelled          |     4 |       ||     4
